 Dungeon Crawl Stone Soup version 0.17.1-1-g73c8601 (console) character file.

183 Kloppie the Skirmisher (level 5, -4/41 HPs)
             Began as a Human Skald on Dec 31, 2015.
             Slain by a gnoll
             ... wielding a +0 halberd
              (13 damage)
             ... on level 3 of the Dungeon.
             The game lasted 00:06:05 (3404 turns).

Kloppie the Skirmisher (Human Skald)                Turns: 3404, Time: 00:06:05

Health: -4/41      AC:  5    Str: 12    XL:     5   Next: 94%
Magic:  3/8        EV: 11    Int: 12    God:
Gold:   124        SH:  0    Dex: 14    Spells: 4 memorised, 0 levels left

rFire  . . .     SeeInvis .     a - +0 falchion
rCold  . . .     Clarity  .     i - +0 ring mail
rNeg   . . .     SustAt   .     (no shield)
rPois  .         Gourm    +     (no helmet)
rElec  .         Spirit   .     (no cloak)
rCorr  .         Warding  .     (no gloves)
rMut   .         Stasis   .     (no boots)
MR     .....                    p - amulet of the gourmand
Stlth  +.........               (no ring)
                                (no ring)

@: infused (expiring), not resistant to hostile enchantments, very unstealthy
A: no striking features
a: no special abilities


You were on level 3 of the Dungeon.
You were not hungry.

You visited 1 branch of the dungeon, and saw 4 of its levels.

You collected 124 gold pieces.

Inventory:

Hand Weapons
 a - a +0 falchion (weapon)
Armour
 i - a +0 ring mail (worn)
Jewellery
 p - an amulet of the gourmand (around neck)
Wands
 t - a wand of slowing (16)
Scrolls
 g - a scroll of random uselessness {unknown}
 k - 2 scrolls of identify {unknown}
 n - a scroll of noise {unknown}
 q - a scroll of recharging {unknown}
 r - 4 scrolls of teleportation {unknown}
Potions
 e - a potion of lignification {unknown}
 h - a potion of heal wounds {unknown}
 j - 2 potions of flight {unknown}
 l - a potion of degeneration {unknown}
 m - a potion of mutation {unknown}
 o - a potion of haste {unknown}
 s - 2 potions of cancellation {unknown}
Books
 c - a book of Battle

   Spells                             Type                      Level
   a - Infusion                       Charms                       1
   b - Shroud of Golubria             Charms/Translocation         2
   c - Song of Slaying                Charms                       2
   d - Spectral Weapon                Hexes/Charms                 3
   e - Regeneration                   Charms/Necromancy            3
Comestibles
 b - 2 meat rations
 d - a bread ration


   Skills:
 + Level 3.4 Fighting
 + Level 3.2 Long Blades
 + Level 2.5 Armour
 + Level 2.6 Dodging
 - Level 2.0 Spellcasting
 - Level 3.0 Charms


You couldn't memorise any spells.
You knew the following spells:

 Your Spells              Type           Power        Failure   Level  Hunger
a - Infusion              Chrm           #.....       17%         1    ##.....
b - Song of Slaying       Chrm           #.......     28%         2    ###....
c - Shroud of Golubria    Chrm/Tloc      #.........   50%         2    ###....
d - Regeneration          Chrm/Necr      #.........   87%         3    ####...


Dungeon Overview and Level Annotations

Branches:
Dungeon (4/15)
 Temple: D:4-7

Altars:
Cheibriados
Dithmenos


Message History

The gnoll is heavily wounded.
The gnoll hits you with a halberd!
You closely miss the gnoll.
The gnoll is heavily wounded.
The gnoll barely misses you.
You hit the gnoll.
The gnoll is severely wounded.
Your magical infusion is running out.
The gnoll hits you with a halberd!
You barely miss the gnoll.
The gnoll is severely wounded.
The gnoll hits you with a halberd!
* * * LOW HITPOINT WARNING * * *
You hit the gnoll.
The gnoll is severely wounded.
The gnoll barely misses you.
You hit the gnoll.
The gnoll is almost dead.
The gnoll hits you with a halberd!
You die...

####.# .....#
.....# .....#
...#.# ##.#g#
#.#.#
#.#.#############
#.#...........g@#
#.###############
##.# ...# ####
##################
.................#
##############.###


You could see a gnoll.

Vanquished Creatures
  Ijyb (D:2)
  Terence (D:2)
  A gnoll (D:2)
  4 adders
  An ooze (D:1)
  A giant gecko (D:2)
  2 orcs (D:3)
  9 bats
  7 giant cockroaches
  9 hobgoblins
  4 jackals (D:3)
  12 kobolds
  2 quokkas
  A ball python (D:1)
  4 giant newts
  7 goblins
  11 rats
77 creatures vanquished.

Notes
Turn   | Place    | Note
--------------------------------------------------------------
     0 | D:1      | Kloppie the Human Skald began the quest for the Orb.
     0 | D:1      | Reached XP level 1. HP: 16/16 MP: 3/3
    46 | D:1      | Reached XP level 2. HP: 16/22 MP: 5/5
   332 | D:1      | Reached XP level 3. HP: 13/27 MP: 6/6
   667 | D:1      | Learned a level 2 spell: Song of Slaying
   670 | D:1      | Learned a level 2 spell: Shroud of Golubria
  1051 | D:2      | Noticed Terence
  1315 | D:2      | Killed Terence
  1315 | D:2      | Reached XP level 4. HP: 19/34 MP: 4/7
  1515 | D:2      | Noticed Ijyb
  1532 | D:2      | Killed Ijyb
  1532 | D:2      | Reached XP level 5. HP: 37/40 MP: 2/8
  2112 | D:3      | Learned a level 3 spell: Regeneration
  2544 | D:3      | Found a snail-covered altar of Cheibriados.
  2924 | D:3      | Found a shadowy altar of Dithmenos.
  3404 | D:3      | Slain by a gnoll

Action                   |  1- 3 |  4- 6 || total
-------------------------+-------+-------++-------
Melee: Falchion          |   134 |   177 ||   311
 Cast: Infusion          |     2 |     3 ||     5
  Use: Potion            |       |     4 ||     4
  Eat: Chunk             |     1 |     5 ||     6
       Bread ration      |       |     1 ||     1
